 Dungeon Crawl Stone Soup version 0.25-a0-294-gea9b1ad378 (webtiles) character file.

Game seed: 9517539966983743961, levelgen mode: classic

308 Borgoz the Skirmisher (level 6, -1/56 HPs)
             Began as a Minotaur Berserker on Dec 17, 2019.
             Was an Elder of Trog.
             Slain by Crazy Yiuf
             ... wielding a +4 quarterstaff of chaos
              (13 damage)
             ... while paralysed by Crazy Yiuf
             ... on level 3 of the Dungeon.
             The game lasted 00:04:14 (2930 turns).

Borgoz the Skirmisher (Minotaur Berserker)          Turns: 2930, Time: 00:04:14

Health: -1/56      AC:  4    Str: 21    XL:     6   Next: 17%
Magic:  5/5        EV:  2    Int:  4    God:    Trog [****..]
Gold:   148        SH:  0    Dex: 12    Spells: 5/5 levels left

rFire    . . .     SeeInvis .   a - +0 falchion
rCold    + . .     Gourm    .   (no shield)
rNeg     . . .     Faith    .   b - +0 animal skin
rPois    +         Spirit   .   (helmet restricted)
rElec    .         Reflect  .   (no cloak)
rCorr    .         Harm     .   e - +1 pair of gloves {archery}
MR       .....                  (no boots)
Stlth    +.........             f - amulet of the acrobat
HPRegen  0.18/turn              d - ring of poison resistance
MPRegen  0.09/turn              j - ring of protection from cold

@: paralysed
A: retaliatory headbutt, horns 2
a: Berserk, Trog's Hand, Brothers in Arms, Renounce Religion


You were on level 3 of the Dungeon.
You worshipped Trog.
Trog was greatly pleased with you.
You were not hungry.

You visited 1 branch of the dungeon, and saw 3 of its levels.

You collected 148 gold pieces.

Inventory:

Hand Weapons
 a - a +0 falchion (weapon)
Armour
 b - a +0 animal skin (worn)
 e - a +1 pair of gloves of archery (worn)
Jewellery
 d - a ring of poison resistance (left hand)
 f - an amulet of the acrobat (around neck)
 j - a ring of protection from cold (right hand)
Scrolls
 h - 3 scrolls of teleportation {unknown}
 i - a scroll of blinking {unknown}
 l - a scroll of remove curse {unknown}
 p - a scroll of enchant armour {unknown}
 r - a scroll of fear {unknown}
 s - a scroll of noise {unknown}
 t - a scroll of amnesia {unknown}
Potions
 g - a potion of curing
 m - a potion of lignification
 o - a potion of heal wounds
 q - a potion of agility
Comestibles
 c - 11 rations
 n - a chunk of flesh


   Skills:
 + Level 5.3 Fighting
 + Level 5.2 Long Blades
 + Level 4.3 Armour
 + Level 3.9 Dodging


You had 5 spell levels left.
You didn't know any spells.
Your spell library was empty.

Dungeon Overview and Level Annotations

Branches:
Dungeon (3/15)

Altars:
Dithmenos
Makhleb
Nemelex Xobeh
Okawaru
Ru
Sif Muna
Wu Jian
Yredelemnul
The Shining One

Annotations:
D:3 Crazy Yiuf


Innate Abilities, Weirdness & Mutations

You reflexively headbutt those who attack you in melee.
You have a pair of horns on your head.


Message History

Crazy Yiuf is lightly wounded.
Crazy Yiuf hits you with a +4 quarterstaff of chaos!
Crazy Yiuf burns you.
You hit Crazy Yiuf. You headbutt Crazy Yiuf!
Crazy Yiuf is heavily wounded.
Crazy Yiuf barely misses you.
You riposte.
You closely miss Crazy Yiuf. Your headbutt misses Crazy Yiuf.
Crazy Yiuf is heavily wounded.
You hit Crazy Yiuf.
Crazy Yiuf is severely wounded.
Crazy Yiuf grits, "Mountain shoe aubergine!"
Crazy Yiuf hits you with a +4 quarterstaff of chaos.
You suddenly lose the ability to move!
Crazy Yiuf hits you with a +4 quarterstaff of chaos.
Crazy Yiuf burns you.
Crazy Yiuf hits you with a +4 quarterstaff of chaos.
Crazy Yiuf hits you with a +4 quarterstaff of chaos!
* * * LOW HITPOINT WARNING * * *
Space warps horribly around you!
You die...

♣♣♣♣♣## ###
♣♣♣.♣...###
#...#♣..♣......##
###
#...g@♣♣♣♣......#
# #.# #)..#♣♣
♣♣..#..# # #.# ###
♣♣###.# ## #.# #.#
.#######.# #.#
.........#########
#.#
#####............#
##.#
#............#
#..#
#........##..#
##(##


You could see Crazy Yiuf.

Vanquished Creatures
  An orc wizard (D:3)
  Natasha (thrice) (D:3)
  A hound skeleton (D:2)
  Robin (D:3)
  6 adders
  A worm (D:2)
  5 leopard geckos
  7 orcs
  3 giant cockroaches
  18 goblins
  17 hobgoblins
  6 jackals
  2 quokkas
  4 ball pythons
  9 bats
  5 frilled lizards
  3 kobolds
  23 rats
115 creatures vanquished.

Notes
Turn   | Place    | Note
-------+----------+-------------------------------------------
     0 | D:1      | Borgoz the Minotaur Berserker began the quest for the Orb.
     0 | D:1      | Reached XP level 1. HP: 19/19 MP: 0/0
   180 | D:1      | Reached XP level 2. HP: 27/27 MP: 1/1
   802 | D:2      | Reached XP level 3. HP: 24/33 MP: 2/2
   975 | D:2      | Reached ** piety under Trog
  1377 | D:2      | Reached XP level 4. HP: 39/41 MP: 3/3
  1455 | D:2      | Found a sparkling altar of Nemelex Xobeh.
  1999 | D:3      | Noticed Natasha
  2006 | D:3      | Killed Natasha
  2006 | D:3      | Reached XP level 5. HP: 29/47 MP: 4/4
  2338 | D:3      | Noticed Robin
  2340 | D:3      | Reached *** piety under Trog
  2356 | D:3      | Killed Robin
  2356 | D:3      | Reached skill level 5 in Fighting
  2420 | D:3      | Reached skill level 5 in Long Blades
  2549 | D:3      | Found a basalt altar of Yredelemnul.
  2558 | D:3      | Found a shadowy altar of Dithmenos.
  2561 | D:3      | Found a sacrificial altar of Ru.
  2562 | D:3      | Found an ornate altar of the Wu Jian Council.
  2562 | D:3      | Found a glowing golden altar of the Shining One.
  2563 | D:3      | Found a shimmering blue altar of Sif Muna.
  2565 | D:3      | Found an iron altar of Okawaru.
  2566 | D:3      | Found a burning altar of Makhleb.
  2580 | D:3      | Noticed Natasha
  2589 | D:3      | Killed Natasha
  2617 | D:3      | Reached **** piety under Trog
  2620 | D:3      | Reached XP level 6. HP: 47/56 MP: 5/5
  2747 | D:3      | Noticed Natasha
  2752 | D:3      | Killed Natasha
  2798 | D:3      | Found a runed translucent door.
  2799 | D:3      | Noticed Crazy Yiuf
  2927 | D:3      | Paralysed by Crazy Yiuf for 6 turns
  2930 | D:3      | Slain by Crazy Yiuf

Levels and vault maps discovered:
D:1:      erik_arrival_cave_to_civilisation [erik_arrival_cave_to_hall],
          layout_rooms, roderic_lattice_a, chequers_serial_rivers_micro_c,
          minmay_shallow_snake_nest
D:2:      layout_loops_ring, old_standard_altar, minivault_23,
          guppyfry_early_orc_mine
D:3:      layout_rooms, minitemple, minmay_rat_hole, uniq_crazy_yiuf_cottage,
          uniq_robin, uniq_natasha

Skill      XL: |  1  2  3  4  5 |
---------------+----------------+-----
Fighting       | 4 5 |  5.3
Long Blades    | 4 5 |  5.2
Armour         | 3 4 |  4.3
Dodging        | 3 |  3.9

Action                   |  1- 3 |  4- 6 || total
-------------------------+-------+-------++-------
Melee: Falchion          |    79 |   131 ||   210
       Headbutt          |    11 |    18 ||    29
Invok: Trog's Hand       |       |     1 ||     1
  Use: Scroll            |       |     4 ||     4
 Stab: Sleeping          |       |     2 ||     2
  Eat: Chunk             |     1 |     6 ||     7
Armor: Animal skin       |    28 |    27 ||    55
Dodge: Dodged            |    53 |   103 ||   156
       Rpst.: Falchion   |    14 |    22 ||    36

Table legend:
 A = Non-vault XP
 B = Vault XP
 C = Vault XP percentage of total XP
 D = Non-vault monster count
 E = Vault monster count
 F = Vault count percentage of total count
                 A         B        C        D         E       F
            +---------+---------+-------+---------+---------+-------
      Total |     326 |     115 |  26.1 |      71 |      44 |  38.3
            +---------+---------+-------+---------+---------+-------
        D:1 |      27 |       7 |  20.6 |      16 |       5 |  23.8
        D:2 |      92 |      17 |  15.6 |      25 |       7 |  21.9
        D:3 |     207 |      91 |  30.5 |      30 |      32 |  51.6
            +---------+---------+-------+---------+---------+-------
